 Dungeon Crawl Stone Soup version 0.28-a0-1080-g05a166d0ed (webtiles) character file.

Game seed: 13534498476620822999

4097 mcbry74 the Severer (level 10, -2/81 HPs)
             Began as a Hill Orc Fighter on Dec 9, 2021.
             Was a High Priest of Okawaru.
             Slain by a yak (13 damage)
             ... on level 9 of the Dungeon.
             The game lasted 00:26:19 (11523 turns).

mcbry74 the Severer (Hill Orc Fighter)             Turns: 11523, Time: 00:26:20

Health: -2/81      AC:  8    Str: 20    XL:     10   Next: 26%
Magic:  12/12      EV:  7    Int: 18    God:    Okawaru [*****.]
Gold:   476        SH:  8    Dex: 10    Spells: 9/9 levels left

rFire   . . .      SeeInvis .   a - +0 war axe
rCold   + + .      Faith    +   U - +0 kite shield
rNeg    . . .      Spirit   .   b - +0 scale mail
rPois   .          Reflect  .   (no helmet)
rElec   .          Harm     .   I - scarf {rC+ rF+}
rCorr   .          Rampage  .   J - +0 pair of gloves
Will    .....                   (no boots)
Stlth   ..........              e - amulet of faith
HPRegen 0.23/turn               A - +6 ring of intelligence
MPRegen 0.13/turn               B - ring of ice

@: no status effects
A: no striking features
a: Renounce Religion, Heroism, Finesse, Duel


You were on level 9 of the Dungeon.
You worshipped Okawaru.
Okawaru was extremely pleased with you.
You visited 2 branches of the dungeon, and saw 10 of its levels.
You also visited: Sewer.

You collected 476 gold pieces.

Inventory:

Hand Weapons
 a - a +0 war axe (weapon)
 z - a +1 vorpal flail
 C - a +0 mace of protection
 D - a +4 quarterstaff of chaos
 K - the +8 rapier of Quick Death {vorpal, *Rage rPois rC++}
   (You found it on level 7 of the Dungeon)

   It inflicts extra damage upon your enemies.
   rC:        It greatly protects you from cold.
   rPois:     It protects you from poison.
   *Rage:     It berserks you when you make melee attacks (+20% chance).
 Q - a +0 shortbow of flaming
Missiles
 g - 226 stones
 i - 13 curare-tipped darts
 q - 32 poisoned darts
 v - 14 boomerangs (quivered)
 R - 44 arrows
Armour
 b - a +0 scale mail (worn)
 c - a +0 buckler
 p - a +0 chain mail of willpower
 E - a +0 cloak
 I - a scarf of resistance (worn)
 J - a +0 pair of gloves (worn)
 U - a +0 kite shield (worn)
Jewellery
 e - an amulet of faith (around neck)
 A - a +6 ring of intelligence (left hand)
 B - a ring of ice (right hand)
 O - an amulet of reflection
Wands
 H - a wand of polymorph (7)
 M - a wand of iceblast (10)
 P - a wand of acid (13)
 S - a wand of mindburst (10)
 V - a wand of flame (28)
Scrolls
 r - 4 scrolls of teleportation
 s - a scroll of torment {unknown}
 w - a scroll of enchant armour {unknown}
 x - 2 scrolls of fear {unknown}
 y - 2 scrolls of noise {unknown}
 F - a scroll of acquirement {unknown}
 L - a scroll of blinking {unknown}
 N - a scroll of identify
 T - a scroll of vulnerability {unknown}
Potions
 d - a potion of might
 f - 2 potions of magic
 h - a potion of attraction {unknown}
 j - 2 potions of cancellation {unknown}
 k - 2 potions of mutation
 l - 2 potions of curing
 m - 3 potions of lignification
 n - a potion of invisibility {unknown}
 o - 2 potions of haste
 t - 2 potions of ambrosia
 u - 4 potions of flight
 G - 2 potions of heal wounds {unknown}


   Skills:
 + Level 5.2 Fighting
 + Level 15.7 Axes
 + Level 2.5 Throwing
 + Level 4.8 Armour
 + Level 4.9 Shields
 + Level 3.8 Invocations
 + Level 2.9 Evocations


You had 9 spell levels left.
You didn't know any spells.
Your spell library contained the following spells:

 Spells                   Type           Power      Damage    Failure   Level
 Magic Dart               Conj           0%         1d3       91%         1
 Searing Ray              Conj           0%         2d4       97%         2
 Stone Arrow              Conj/Erth      0%         3d7       100%        3
 Fulminant Prism          Conj/Hex       0%         3d6       100%        4
 Eringya's Noxious Bog    Tmut/Pois      0%         N/A       100%        6
 Lehudib's Crystal Spear  Conj/Erth      0%         10d2      100%        8
 Animate Armour           Summ/Erth      Unusable   N/A       N/A         4
 Summon Forest            Summ/Tloc      Unusable   N/A       N/A         5
 Summon Hydra             Summ           Unusable   N/A       N/A         7

Dungeon Overview and Level Annotations

Branches:
Dungeon (9/15)             Temple (1/1) D:4           Sewer (visited)
   Lair: D:8-11         Orc: D:9-12

Altars:
Fedhas
Gozag
Kikubaaqudgha
Makhleb
Okawaru
Qazlal
Ru
Uskayaw
Vehumet
Zin
The Shining One
Beogh


Message History

The yak is almost dead.
You barely miss the yak. You slash the yak! The yak gores you!
The yak gores you but does no damage. You block the yak's attack.
You slash the yak!
You kill the yak!
Okawaru accepts your kill.
You slash the yak! You barely miss the yak.
The yak gores you but does no damage. The yak gores you.
* * * LOW HITPOINT WARNING * * *
You slash the yak!
The yak is almost dead.
You block the yak's attack.
You slash the yak!
You kill the yak!
Okawaru accepts your kill.
You can now enter into single combat with a foe.
Okawaru will now gift you equipment as you gain piety.
You slash the yak!
The yak is lightly wounded.
The yak gores you.
* * * LOW HITPOINT WARNING * * *
You slice the yak!!
The yak is severely wounded.
You block the yak's attack.
You hit the yak but do no damage.
The yak is severely wounded.
You closely miss the yak.
The yak is severely wounded.
The yak gores you!
* * * LOW HITPOINT WARNING * * *
You completely miss the yak.
The yak is heavily wounded.
The yak gores you but does no damage.
You slash the yak!
The yak is heavily wounded.
The yak gores you.
* * * LOW HITPOINT WARNING * * *
There is a stone staircase leading up here.
The yak gores you!
You die...

### ### #..
..# #.# #.#
..#####.###
#.#
.....K.†K.#
#.#
.#####.#Y###.#
#..YYY@.#
###K##### #.#
#.# #.# #.#
#.# #.# ..#


You could see 4 yaks and a kobold.

Vanquished Creatures
  The ghost of whitenoisemaker the Martial Artist, a novice HuMo (D:6)
  2 yaks (D:9)
  A steam dragon (D:8)
  Menkaure (D:7)
  A water moccasin (D:7)
  4 orc warriors
  A sky beast (D:8)
  2 ice beasts
  2 black bears
  2 ogres (D:6)
  3 centaurs
  A phantom (D:7)
  2 bullfrogs
  A kobold brigand (D:8)
  2 scorpions (D:6)
  A wyvern skeleton (D:7)
  A howler monkey (D:7)
  A bullfrog zombie (D:6)
  2 centaur zombies
  5 jellies
  4 orc priests
  Crazy Yiuf (D:5)
  3 centaur skeletons
  3 hounds
  3 bullfrog skeletons
  2 iguanas
  2 orc wizards
  A merfolk siren (Sewer)
  A merfolk avatar (Sewer)
  A hound skeleton (D:5)
  A hound zombie (D:5)
  2 howler monkey zombies (D:5)
  A gnoll (D:1)
  3 river rats (Sewer)
  16 adders
  A shadow imp (D:7)
  3 white imps
  An ufetubus (D:6)
  2 worms
  2 dart slugs (D:1)
  28 orcs
  6 ball pythons
  3 bats
  2 endoplasms
  6 giant cockroaches
  6 goblins
  8 hobgoblins
  A jackal (D:2)
  7 quokkas
  11 frilled lizards
  10 kobolds
  22 rats
199 creatures vanquished.

Vanquished Creatures (others)
  A plant (D:6)
1 creature vanquished.

Grand Total: 200 creatures vanquished

Notes
Turn   | Place    | Note
-------+----------+-------------------------------------------
     0 | D:1      | mcbry74 the Hill Orc Fighter began the quest for the Orb.
     0 | D:1      | Reached XP level 1. HP: 19/19 MP: 1/1
    31 | D:1      | Reached skill level 3 in Axes
   178 | D:1      | You fall into a shaft and drop 1 floor!
   208 | D:2      | Reached XP level 2. HP: 18/26 MP: 2/2
   300 | D:2      | Reached skill level 4 in Axes
   300 | D:2      | Reached XP level 3. HP: 28/31 MP: 3/3
   357 | D:2      | Reached skill level 5 in Axes
   444 | D:2      | Reached XP level 4. HP: 27/39 MP: 4/4
   729 | D:2      | Reached skill level 6 in Axes
  1231 | D:1      | Reached XP level 5. HP: 45/45 MP: 5/5
  1462 | D:2      | Found an opulent altar of Gozag.
  1558 | D:2      | Reached skill level 7 in Axes
  3243 | D:4      | Reached skill level 8 in Axes
  3243 | D:4      | Reached XP level 6. HP: 51/51 MP: 6/6
  3416 | D:4      | Found a glowing drain.
  3448 | Sewer    | Entered a sewer
  3662 | Sewer    | Reached skill level 9 in Axes
  4154 | D:4      | Found a staircase to the Ecumenical Temple.
  4160 | Temple   | Entered the Ecumenical Temple
  4197 | Temple   | Became a worshipper of Warmaster Okawaru
  4448 | D:4      | Noticed a black bear
  4457 | D:4      | Killed a black bear
  4458 | D:4      | Reached skill level 10 in Axes
  4458 | D:4      | Reached XP level 7. HP: 57/57 MP: 7/7
  4611 | D:5      | Entered Level 5 of the Dungeon
  5372 | D:5      | Found a runed translucent door.
  5373 | D:5      | Noticed Crazy Yiuf
  5382 | D:5      | Killed Crazy Yiuf
  5383 | D:5      | Reached skill level 11 in Axes
  5823 | D:6      | Reached * piety under Okawaru
  5887 | D:6      | Found a runed translucent gate.
  5887 | D:6      | Found a runed translucent gate.
  5896 | D:6      | Reached XP level 8. HP: 49/64 MP: 8/8
  5980 | D:6      | Identified the +7 chain mail "Pievihae" {rPois Will- Dex+4}
  5981 | D:6      | Noticed whitenoisemaker's ghost (novice HuMo)
  6001 | D:6      | Reached skill level 12 in Axes
  6119 | D:6      | Reached ** piety under Okawaru
  6233 | D:6      | Reached skill level 13 in Axes
  6555 | D:6      | Found a runed translucent gate.
  6638 | D:6      | Found a glowing golden altar of the Shining One.
  6640 | D:6      | Found a sacrificial altar of Ru.
  6968 | D:6      | Found a hide-covered altar of Uskayaw.
  7087 | D:6      | Found a roughly hewn altar of Beogh.
  7112 | D:5      | Reached skill level 14 in Axes
  7394 | D:6      | Killed whitenoisemaker's ghost
  7394 | D:6      | Reached *** piety under Okawaru
  7394 | D:6      | Reached **** piety under Okawaru
  7395 | D:6      | Reached skill level 15 in Axes
  7395 | D:6      | Reached XP level 9. HP: 26/70 MP: 7/9
  7987 | D:7      | Reached skill level 1 in Invocations
  8277 | D:7      | Identified the +8 rapier of Quick Death {vorpal, *Rage
                  | rPois rC++}
  8288 | D:7      | Reached skill level 1 in Evocations
  8430 | D:7      | Reached skill level 1 in Throwing
  9067 | D:7      | Noticed Menkaure
  9078 | D:7      | Killed Menkaure
  9367 | D:8      | Reached ***** piety under Okawaru
  9918 | D:8      | Reached XP level 10. HP: 16/80 MP: 12/12
 10856 | D:8      | Reached skill level 5 in Fighting
 11523 | D:9      | Slain by a yak

Illustrated notes

Levels and vault maps discovered:
D:1:      minmay_arrival_statue_studded, layout_loops_ring
D:2:      minmay_inner_zag, layout_basic, basic_altar
D:3:      layout_loops_ring
D:4:      black_bear_nest_1, layout_rooms, minmay_temple_entry_statues_pillars,
          gup_sewer_entry_glass
D:5:      layout_basic, minivault_26, uniq_crazy_yiuf_cottage
D:6:      layout_rooms, gammafunk_temple_overflow_forgotten,
          biasface_ghost_orc_armoury
D:7:      layout_loops_ring, st_stairs_5, uniq_menkaure
D:8:      layout_loops_ring, kennysheep_path_1, kennysheep_another_room
D:9:      layout_loops_corners, mainiacjoe_overflow_paths,
          mainiacjoe_overflow_big_doors
Temple:   jpeg_temple_clearing

Skill      XL: |  1  2  3  4  5  6  7  8  9 10 |
---------------+-------------------------------+-----
Axes           | 3 4 5 6 8 10 11 15 | 15.7
Invocations    | 3 |  3.8
Fighting       | 4 5 |  5.2
Evocations     | 2 |  2.9
Throwing       | 2 |  2.5
Shields        | 4 |  4.9
Armour         | 4 |  4.8

Action                   |  1- 3 |  4- 6 |  7- 9 | 10-12 || total
-------------------------+-------+-------+-------+-------++-------
Melee: War axe           |    30 |   245 |   290 |    86 ||   651
Throw: Dart              |       |     4 |    18 |       ||    22
       Boomerang         |       |       |    22 |     5 ||    27
Invok: Heroism           |       |       |     2 |     1 ||     3
       Finesse           |       |       |     1 |     1 ||     2
  Use: Scroll            |       |     3 |     3 |       ||     6
       Potion            |       |       |     1 |       ||     1
Armor: Scale mail        |    24 |    98 |    83 |    20 ||   225
Dodge: Dodged            |    13 |    95 |    89 |    21 ||   218
Block: Buckler           |     5 |    41 |    53 |    19 ||   118
       Kite shield       |       |       |       |     7 ||     7

Table legend: (Time is in decaauts)
 A = Elapsed time spent in this place.
 B = Non-inter-level travel time spent in this place.
 C = Inter-level travel time spent in this place.
 D = Time resting spent in this place.
 E = Time spent auto-exploring this place.
 F = Levels seen in this place.
 G = Mean time per level.
                   A        B        C        D        E       F      G
               +--------+--------+--------+--------+--------+-----+--------+
         Total |  11543 |  11276 |    267 |   2642 |   6446 |  11 | 1049.4 |
       Dungeon |  10771 |  10519 |    252 |   2642 |   5997 |   9 | 1196.8 |
        Temple |     53 |     38 |     15 |      0 |     26 |   1 |   53.0 |
         Sewer |    718 |    718 |      0 |      0 |    423 |   1 |  718.0 |
               +--------+--------+--------+--------+--------+-----+--------+

Top non-repeatable levels by time:
     D:6: 2176 daAuts
     D:8: 2106 daAuts
     D:2: 1571 daAuts
     D:5: 1360 daAuts
     D:7: 1166 daAuts
     D:3: 1021 daAuts
   Sewer: 718 daAuts
     D:4: 710 daAuts
     D:1: 625 daAuts
  Temple: 53 daAuts
     D:9: 32 daAuts
